 Dungeon Crawl Stone Soup version 0.31.0-9-g3a7656b989 (webtiles) character file.

Game seed: 5247825235256809933

179 qw the Shooter (level 5, -2/26 HPs)
             Began as a Spriggan Hunter on Feb 2, 2024.
             Slain by Duvessa
             ... wielding a +0 short sword
              (3 damage)
             ... on level 4 of the Dungeon.
             The game lasted 00:00:10 (2237 turns).

qw the Shooter (Spriggan Hunter)                    Turns: 2237, Time: 00:00:11

Health: -2/26      AC:  2    Str:  7    XL:     5   Next: 33%
Magic:  6/6        EV: 25    Int: 11    God:
Gold:   115        SH:  0    Dex: 20    Spells: 4/4 levels left

rFire   . . .        a - +0 shortbow
rCold   . . .        (shield currently unavailable)
rNeg    . . .        c - +0 robe
rPois   .            (helmet restricted)
rElec   .            (no cloak)
rCorr   .            (gloves unavailable)
SInv    +            (boots unavailable)
Will    .....        (no amulet)
Stlth   ++           g - +5 ring of evasion
HPRegen 0.24/turn    (no ring)
MPRegen 0.10/turn

%: no passive effects
@: very quick
A: very small, no large weapons, unfitting armour, see invisible, speed 3
a: no special abilities


You were on level 4 of the Dungeon.
You visited 1 branch of the dungeon, and saw 4 of its levels.

You collected 115 gold pieces.


Innate Abilities, Weirdness & Mutations

You are very small and have problems with some larger weapons.
You are too small for most types of armour.
You have supernaturally acute eyesight. (SInv)
You cover ground extremely quickly. (Speed+++)


   Skills:
 - Level 2.0 Fighting
 + Level 5.5 Ranged Weapons
 - Level 5.0 Dodging
 - Level 1.5 Stealth


You had 4 spell levels left.
You didn't know any spells.
Your spell library was empty.

Inventory:

Hand Weapons
 a - a +0 shortbow (weapon)
Armour
 c - a +0 robe (worn)
Jewellery
 g - a +5 ring of evasion (left hand)
Wands
 k - a wand of flame (17) (quivered)
 p - a wand of charming (5)
Scrolls
 f - a scroll of blinking {unknown}
 i - a scroll of summoning {unknown}
 l - a scroll of fear {unknown}
 o - a scroll of identify {unknown}
Potions
 b - a potion of enlightenment {unknown}
 d - a potion of might {unknown}
 e - a potion of curing
 h - a potion of degeneration {unknown}
 j - a potion of magic {unknown}
 m - a potion of ambrosia {unknown}
 n - 3 potions of berserk rage {unknown}

Dungeon Overview and Level Annotations

Branches:
Dungeon (4/15)
 Temple: D:4-7

Altars:
Qazlal

Annotations:
D:3 1 runed translucent door, Crazy Yiuf
D:4 Dowan, Duvessa


Message History

The puff of flame hits Duvessa but does no damage.
Duvessa is moderately wounded.
Duvessa hits you with a +0 short sword.
2231 ||| RETREEEEATING.
There is an open door here.
2232 ||| ZAPPING wand of flame (22) at -1,1 (Duvessa; floor).
Aiming: Throw Flame
Press: ? - help, Q - select action, (/) - cycle Shift-Dir - straight line, f/p - Duvessa The puff of flame hits Duvessa.
Duvessa is moderately wounded.
Duvessa hits you with a +0 short sword!
2233 ||| ZAPPING wand of flame (21) at -1,1 (Duvessa; floor).
Aiming: Throw Flame
Press: ? - help, Q - select action, (/) - cycle Shift-Dir - straight line, f/p - Duvessa The puff of flame misses Duvessa.
Duvessa misses you.
2234 ||| ZAPPING wand of flame (20) at 0,1 (Duvessa; floor).
Aiming: Throw Flame
Press: ? - help, Q - select action, (/) - cycle Shift-Dir - straight line, f/p - Duvessa The puff of flame hits Duvessa.
Duvessa is moderately wounded.
Duvessa misses you.
2235 ||| RETREEEEATING.
Duvessa attacks as she pursues you! Duvessa barely misses you.
2236 ||| ZAPPING wand of flame (19) at 0,1 (Duvessa; open_door).
Aiming: Throw Flame
Press: ? - help, Q - select action, (/) - cycle Shift-Dir - straight line, f/p - Duvessa The puff of flame hits Duvessa.
Duvessa is heavily wounded.
Duvessa hits you with a +0 short sword!
Dowan says, "Stay away from my face!"
Dowan mumbles some strange words.
Dowan blinks!
2237 ||| ZAPPING wand of flame (18) at 0,1 (Duvessa; open_door).
Aiming: Throw Flame
Press: ? - help, Q - select action, (/) - cycle Shift-Dir - straight line, f/p - Duvessa The puff of flame hits Duvessa.
Duvessa is heavily wounded.
Duvessa hits you with a +0 short sword.
You die...

#.. ## #.# #. ...
#e #.# .. #¤ #.#
.... #. #.#
....##e #.#
#......##@#
#######
#....#e####.....#
#........##.###.#
#...¤....##.###.#
#........##...#.#
#........####.#.#
#....#+### #.#.#
#....#.######.#.#
###...........#.#


You could see Duvessa (fast).

Vanquished Creatures
  Terence (D:3)
  Robin (D:3)
  8 adders
  3 orcs (D:3)
  3 ball pythons
  7 endoplasms
  2 giant cockroaches
  17 goblins
  3 hobgoblins
  2 kobolds
  5 quokkas
  6 bats
  7 frilled lizards
  4 rats
69 creatures vanquished.

Vanquished Creatures (others)
  A hobgoblin (D:3)
1 creature vanquished.

Grand Total: 70 creatures vanquished

Notes
Turn   | Place    | Note
-------+----------+-------------------------------------------
     0 | D:1      | qw the Spriggan Hunter began the quest for the Orb.
     0 | D:1      | Reached XP level 1. HP: 10/10 MP: 2/2
     0 | D:1      | 0 ||| qw: Version: 0.3-a-155-g5e7d8dd
     0 | D:1      | 0 ||| qw: Game counter: 1690
     0 | D:1      | 0 ||| qw: Melee chars always use a shield: true
     0 | D:1      | 0 ||| qw: God list: Okawaru
     0 | D:1      | 0 ||| qw: Allow faded altars: false
     0 | D:1      | 0 ||| qw: Do Orc after clearing Dungeon:15 true
     0 | D:1      | 0 ||| qw: Do second Lair branch before Depths: true
     0 | D:1      | 0 ||| qw: Lair rune preference: random
     0 | D:1      | 0 ||| qw: Goals: Normal
     0 | D:1      | 0 ||| PLANNING D:1-11
    49 | D:1      | Reached skill level 3 in Dodging
   266 | D:1      | Reached XP level 2. HP: 14/14 MP: 3/3
   702 | D:1      | 702 ||| READING scroll labelled IBUHIE WARCH.
   803 | D:1      | 803 ||| READING 2 scrolls labelled ZESU PIGULUST.
   804 | D:1      | 804 ||| READING scroll labelled XAKELACIPS.
   805 | D:1      | 805 ||| READING scroll labelled AFFUITWO HYTI.
   810 | D:1      | 810 ||| DRINKING 2 fuming emerald potions.
   811 | D:1      | 811 ||| DROPPING scroll of butterflies.
   812 | D:1      | 812 ||| DROPPING scroll of poison.
   836 | D:2      | 836 ||| RETREEEEATING.
   839 | D:2      | 839 ||| RETREEEEATING.
   840 | D:2      | 840 ||| RETREEEEATING.
   841 | D:2      | 841 ||| RETREEEEATING.
   842 | D:2      | 842 ||| RETREEEEATING.
   843 | D:2      | 843 ||| RETREEEEATING.
   857 | D:2      | Reached XP level 3. HP: 9/18 MP: 4/4
  1121 | D:2      | Reached XP level 4. HP: 22/22 MP: 5/5
  1241 | D:2      | Found a stormy altar of Qazlal.
  1446 | D:2      | 1446 ||| UPGRADING to +5 ring of evasion.
  1447 | D:2      | 1447 ||| READING scroll labelled WEUMAJO QINWAIC.
  1448 | D:2      | 1448 ||| READING scroll labelled ITZYOH JUSIOLI.
  1565 | D:3      | 1565 ||| STAIRDANCE
  1571 | D:3      | 1571 ||| STAIRDANCE
  1622 | D:3      | 1622 ||| STAIRDANCE
  1632 | D:3      | Noticed Robin
  1633 | D:3      | 1633 ||| STAIRDANCE
  1638 | D:3      | HP: 4/22 [Robin/puff of flame (10)]
  1639 | D:3      | 1639 ||| READING scroll of teleportation.
  1641 | D:3      | Noticed Terence
  1802 | D:3      | Killed Robin
  1831 | D:3      | Identified the +1 ring mail of Charmed Curiosity {rN+ rCorr
                  | Str+3 Dex+3}
  1846 | D:3      | Found a runed translucent door.
  1847 | D:3      | Noticed Crazy Yiuf
  1942 | D:3      | Reached XP level 5. HP: 26/26 MP: 6/6
  1954 | D:3      | Killed Terence
  2064 | D:3      | Found a stormy altar of Qazlal.
  2165 | D:3      | You fall into a shaft and drop 1 floor!
  2216 | D:4      | Noticed Dowan
  2226 | D:4      | Noticed Duvessa
  2227 | D:4      | 2227 ||| ZAPPING wand of flame (25) at -1,-5 (Duvessa;
                  | floor).
  2228 | D:4      | 2228 ||| RETREEEEATING.
  2229 | D:4      | 2229 ||| ZAPPING wand of flame (24) at -2,-3 (Duvessa;
                  | floor).
  2230 | D:4      | 2230 ||| ZAPPING wand of flame (23) at -2,-2 (Duvessa;
                  | floor).
  2231 | D:4      | 2231 ||| RETREEEEATING.
  2232 | D:4      | 2232 ||| ZAPPING wand of flame (22) at -1,1 (Duvessa;
                  | floor).
  2233 | D:4      | 2233 ||| ZAPPING wand of flame (21) at -1,1 (Duvessa;
                  | floor).
  2234 | D:4      | 2234 ||| ZAPPING wand of flame (20) at 0,1 (Duvessa;
                  | floor).
  2235 | D:4      | 2235 ||| RETREEEEATING.
  2236 | D:4      | 2236 ||| ZAPPING wand of flame (19) at 0,1 (Duvessa;
                  | open_door).
  2236 | D:4      | HP: 1/26 [Duvessa/+0 short sword (11)]
  2237 | D:4      | 2237 ||| ZAPPING wand of flame (18) at 0,1 (Duvessa;
                  | open_door).
  2237 | D:4      | Slain by Duvessa

Levels and vault maps discovered:
D:1:      roderic_chinese_lattice_arrival, layout_basic, minmay_misc_feat_square
D:2:      layout_basic, basic_altar
D:3:      layout_rooms, mainiacjoe_overflow_24_doors, hex_medium,
          grunt_ministairs_15, uniq_crazy_yiuf_cottage, uniq_terence, uniq_robin
D:4:      layout_basic, nicolae_ru_awakened_eye, uniq_duvessa, uniq_natasha

Skill      XL: |  1  2  3  4 |
---------------+-------------+-----
Dodging        | 3 4 5 |  5.0
Ranged Weapons | 5 |  5.5
Fighting       | 2 |  2.0
Stealth        | |  1.5

Action                     |  1- 3 |  4- 6 || total
---------------------------+-------+-------++-------
   Fire: Shortbow          |   104 |    91 ||   195
  Evoke: Wand              |       |     8 ||     8
    Use: Scroll            |     4 |     3 ||     7
         Potion            |     1 |       ||     1
 Armour: Robe              |    14 |    20 ||    34
  Dodge: Dodged            |    64 |    50 ||   114

Table legend:
 A = Non-vault XP
 B = Vault XP
 C = Vault XP percentage of total XP
 D = Non-vault monster count
 E = Vault monster count
 F = Vault count percentage of total count
                 A         B        C        D         E       F
            +---------+---------+-------+---------+---------+-------
      Total |     184 |      73 |  28.4 |      55 |      14 |  20.3
            +---------+---------+-------+---------+---------+-------
        D:1 |      25 |       0 |   0.0 |      16 |       0 |   0.0
        D:2 |     117 |       6 |   4.9 |      22 |       3 |  12.0
        D:3 |      42 |      67 |  61.5 |      17 |      11 |  39.3
            +---------+---------+-------+---------+---------+-------
